 Dungeon Crawl Stone Soup version 0.31-a0-810-ga77100ea1a (webtiles) character file.

Game seed: 16116016909383808134

2973 Goober42 the Thaumaturge (level 9, 0/50 HPs)
             Began as a Deep Elf Conjurer on Sept 21, 2023.
             Was an Initiate of Dithmenos.
             Killed from afar by a steam dragon (6 damage)
             ... with a ball of steam
             ... on level 7 of the Dungeon.
             The game lasted 00:09:48 (7759 turns).

Goober42 the Thaumaturge (Deep Elf Conjurer)        Turns: 7759, Time: 00:09:49

Health: 0/50       AC:  5    Str:  6    XL:     9   Next: 53%
Magic:  0/26       EV: 13    Int: 26    God:    Dithmenos [......]
Gold:   369        SH:  0    Dex: 13    Spells: 15/30 levels left

rFire   . . .        (no weapon)
rCold   . . .        (no shield)
rNeg    . . .        a - +0 robe
rPois   .            (no helmet)
rElec   .            q - +1 cloak
rCorr   .            (no gloves)
SInv    .            w - +0 pair of boots
Will    .....        c - amulet of guardian spirit
Stlth   ++           (no ring)
HPRegen 0.28/turn    (no ring)
MPRegen 0.20/turn

%: guardian spirit
@: very slightly contaminated
A: no striking features
a: Renounce Religion


You were on level 7 of the Dungeon.
You worshipped Dithmenos.
Dithmenos was noncommittal.
You visited 2 branches of the dungeon, and saw 8 of its levels.

You collected 369 gold pieces.

Inventory:

Armour
 a - a +0 robe (worn)
 q - a +1 cloak (worn)
 w - a +0 pair of boots (worn)
Jewellery
 c - an amulet of guardian spirit (around neck)
 j - an amulet of faith
Wands
 h - a wand of charming (9)
 m - a wand of light (5)
 o - a wand of roots (25)
Scrolls
 d - a scroll of enchant weapon
 f - 2 scrolls of butterflies
 n - 5 scrolls of teleportation
 r - a scroll of immolation
 t - 2 scrolls of poison
 u - 2 scrolls of brand weapon
 v - a scroll of fog
 x - a scroll of blinking
Potions
 e - 3 potions of invisibility
 g - 3 potions of heal wounds {unknown}
 i - 3 potions of enlightenment {unknown}
 k - 5 potions of curing
 l - 3 potions of ambrosia {unknown}
 p - a potion of mutation {unknown}
 s - 2 potions of might {unknown}
 z - a potion of degeneration {unknown}
 A - a potion of brilliance {unknown}


   Skills:
 - Level 3.0 Fighting
 + Level 1.6 Armour
 - Level 4.0 Dodging
 - Level 4.0 Stealth
 - Level 11.0 Spellcasting
 - Level 8.0 Conjurations
 - Level 4.0 Hexes
 - Level 4.0 Translocations
 - Level 4.0 Invocations


You had 15 spell levels left.
You knew the following spells:

 Your Spells              Type           Power      Damage    Failure   Level
a - Magic Dart            Conj           100%       1d8       1%          1
b - Searing Ray           Conj           100%       2d8       1%          2
c - Fulminant Prism       Conj/Hex       22%        3d12      3%          4
d - Iskenderun's Mystic   Conj/Tloc      45%        2d10      3%          4
e - Brom's Barrelling Bo  Conj/Erth      35%        2d5       8%          4

Your spell library contained the following spells:

 Spells                   Type           Power      Damage    Failure   Level
 Apportation              Tloc           70%        N/A       1%          1
 Slow                     Hex            100%       N/A       1%          1
 Blink                    Tloc           70%        N/A       1%          2
 Jinxbite                 Hex            70%        N/A       1%          2
 Lesser Beckoning         Tloc           70%        N/A       1%          2
 Momentum Strike          Conj/Tloc      90%        3d10      1%          2
 Dazzling Flash           Conj/Hex       90%        N/A       1%          3
 Confusing Touch          Hex            35%        N/A       2%          3
 Gell's Gravitas          Tloc           35%        N/A       2%          3
 Sigil of Binding         Hex            35%        N/A       2%          3
 Stone Arrow              Conj/Erth      70%        3d11      2%          3
 Teleport Other           Tloc           35%        N/A       2%          3
 Sandblast                Erth           28%        2d8       4%          1
 Mephitic Cloud           Conj/Pois/Air  28%        N/A       4%          3
 Call Imp                 Summ           28%        N/A       6%          2
 Passwall                 Tmut/Erth      11%        N/A       6%          2
 Vampiric Draining        Necr           14%        2d7       12%         3
 Anguish                  Hex/Necr       12%        N/A       19%         4
 Silence                  Hex/Air        12%        N/A       45%         5
 Alistair's Intoxication  Tmut/Pois      9%         N/A       75%         5
 Simulacrum               Ice/Necr       7%         N/A       99%         6
 Ozocubu's Refrigeration  Ice            7%         4d9       100%        7
 Polar Vortex             Ice            7%         N/A       100%        9


Dungeon Overview and Level Annotations

Branches:
Dungeon (7/15)             Temple (1/1) D:6

Altars:
Ashenzari
Cheibriados
Dithmenos
Elyvilon
Fedhas
Gozag
Hepliaklqana
Kikubaaqudgha
Nemelex Xobeh
Qazlal
Ru
Sif Muna
Trog
Uskayaw
Xom
Yredelemnul
Zin
The Shining One

Shops:
D:1 !   D:2 =   D:7 :


Message History

Casting: Iskenderun's Mystic Blast (dangerous; 3% risk of failure)
Confirm with . or Enter, or press ? or * to list all spells.
You erupt in a blast of force!
The mystic blast hits the steam dragon!
The steam dragon is almost dead.
The steam dragon is knocked back by the mystic blast.
Unknown command.
Unknown command.
Casting: Iskenderun's Mystic Blast (dangerous; 3% risk of failure)
Confirm with . or Enter, or press ? or * to list all spells.
You don't have enough magic to cast this spell.
Unknown command.
Unknown command.
Unknown command.
Casting: Iskenderun's Mystic Blast (dangerous; 3% risk of failure)
Confirm with . or Enter, or press ? or * to list all spells.
Aiming: Searing Ray (safe; 1% risk of failure)
Press: ? - help, Shift-Dir - straight line, f - steam dragon
Aim: a steam dragon (almost dead, 83% to hit)
The searing ray misses the steam dragon. (Press . to maintain the ray.)
The steam dragon breathes steam at you. The ball of steam hits you!
The searing ray misses the steam dragon.
You are engulfed in a cloud of scalding steam.
* * * LOW HITPOINT WARNING * * *
Unknown command.
Okay, then.
The steam dragon attacks as it pursues you!
The steam dragon bites you!
* * * LOW HITPOINT WARNING * * *
The steam dragon closely misses you. Magic courses through your body.
The steam dragon closely misses you. x2
Casting: Searing Ray (safe; 1% risk of failure)
Confirm with . or Enter, or press ? or * to list all spells.
You miscast Iskenderun's Mystic Blast.
You are very lightly contaminated with residual magic.
Nothing appears to happen.
The steam dragon breathes steam at you. The ball of steam hits you!!
You die...

#.......## #
#.#######....####
...........>....+
#.#######....#### #.#
#........# # ##
###.###..##.##.# ..
.[.......##.##.#
#.###.##...##.##.#
#..D@.##...##.##.#
#.###.##...##.##.# #
#.##...##.##.#
###.###.##...##.##.#
...................#
###.###########.#######
#.......[ #########


You could see a steam dragon (catching breath).

Vanquished Creatures
  Sigmund (D:6)
  Eustachio (D:6)
  A water moccasin (D:5)
  An orc warrior (D:6)
  An ice beast (D:6)
  5 black bears
  3 ogres
  A centaur (D:7)
  A phantom (D:4)
  Blork the orc (D:6)
  A bullfrog (D:6)
  3 scorpions (D:5)
  A wight (D:4)
  4 killer bees (D:7)
  3 jellies
  8 orc priests
  5 hounds
  2 sleepcaps
  An iguana (D:4)
  7 orc wizards
  4 gnolls (D:4)
  8 adders
  A shadow imp (D:5)
  A white imp (D:6)
  2 ufetubi
  A worm (D:4)
  A dart slug (D:1)
  24 orcs
  9 ball pythons
  5 bats
  3 endoplasms (D:1)
  2 giant cockroaches (D:4)
  4 hobgoblins
  8 jackals
  8 kobolds
  2 quokkas
  4 goblins
  3 rats
141 creatures vanquished.

Vanquished Creatures (others)
  An orc wizard (D:6)
  4 orcs (D:6)
  A boulder (D:7)
  5 fulminant prisms
11 creatures vanquished.

Grand Total: 152 creatures vanquished

Notes
Turn   | Place    | Note
-------+----------+-------------------------------------------
     0 | D:1      | Goober42 the Deep Elf Conjurer began the quest for the Orb.
     0 | D:1      | Reached XP level 1. HP: 10/10 MP: 6/6
    62 | D:1      | Found Wefem's Distillery.
   130 | D:1      | Found a faded altar of an unknown god.
   263 | D:1      | Reached XP level 2. HP: 15/15 MP: 4/8
   814 | D:2      | Reached XP level 3. HP: 19/19 MP: 6/10
   817 | D:2      | Learned a level 2 spell: Searing Ray
  1011 | D:2      | Found Wuwase's Jewellery Shoppe.
  1178 | D:2      | Reached skill level 4 in Spellcasting
  1178 | D:2      | Reached skill level 5 in Conjurations
  1763 | D:3      | Found a sparkling altar of Nemelex Xobeh.
  1888 | D:3      | Reached XP level 4. HP: 24/24 MP: 5/12
  2120 | D:3      | Found a bloodstained altar of Trog.
  2126 | D:3      | Learned a level 4 spell: Fulminant Prism
  2131 | D:3      | Learned a level 4 spell: Iskenderun's Mystic Blast
  2185 | D:3      | Reached skill level 5 in Spellcasting
  2430 | D:3      | Reached skill level 6 in Spellcasting
  2430 | D:3      | Reached XP level 5. HP: 28/28 MP: 6/15
  2613 | D:4      | Noticed an ogre
  2736 | D:4      | Noticed a phantom
  2744 | D:4      | Killed a phantom
  2745 | D:4      | Reached skill level 1 in Translocations
  2922 | D:4      | Reached XP level 6. HP: 32/32 MP: 10/17
  3441 | D:4      | Reached skill level 7 in Spellcasting
  3502 | D:4      | Reached XP level 7. HP: 36/36 MP: 10/20
  3683 | D:4      | Reached skill level 8 in Spellcasting
  4404 | D:5      | Entered Level 5 of the Dungeon
  4435 | D:5      | Got a clothbound book
  4450 | D:5      | Found a blossoming altar of Fedhas.
  4709 | D:5      | Found a snail-covered altar of Cheibriados.
  4715 | D:5      | Reached XP level 8. HP: 27/41 MP: 15/22
  4784 | D:5      | Found an ornate altar of the Wu Jian Council.
  4784 | D:5      | Found a basalt altar of Yredelemnul.
  4786 | D:5      | Found a shimmering altar of Xom.
  4786 | D:5      | Found a stormy altar of Qazlal.
  4786 | D:5      | Found a bloodstained altar of Trog.
  4908 | D:5      | Found a hazy altar of Hepliaklqana.
  5104 | D:5      | Reached skill level 9 in Spellcasting
  5529 | D:6      | Noticed Sigmund
  5535 | D:6      | Killed Sigmund
  5741 | D:6      | Reached skill level 10 in Spellcasting
  5741 | D:6      | Reached skill level 1 in Fighting
  5798 | D:6      | Noticed Blork the orc
  5806 | D:6      | Killed Blork the orc
  5891 | D:6      | Reached XP level 9. HP: 48/48 MP: 19/25
  6409 | D:6      | Noticed Eustachio
  6417 | D:6      | Killed Eustachio
  6782 | D:6      | Found a staircase to the Ecumenical Temple.
  6792 | Temple   | Entered the Ecumenical Temple
  6819 | Temple   | Became a worshipper of Dithmenos the Shadowed
  6953 | D:7      | Reached skill level 11 in Spellcasting
  7107 | D:7      | Found Doipas's Book Boutique.
  7386 | D:7      | Reached skill level 1 in Armour
  7649 | D:7      | Learned a level 4 spell: Brom's Barrelling Boulder
  7759 | D:7      | Killed from afar by a steam dragon

Illustrated notes

Levels and vault maps discovered:
D:1:      minmay_arrival_plants_in_alcoves, layout_basic, serial_shops, shop,
          hellmonk_ecumenical_altar_heavens_door, minmay_3d_cube
D:2:      layout_loops_ring, serial_shops, shop, grunt_decor_one_mirror,
          chequers_jeans
D:3:      layout_loops_cross, old_standard_altar, mainiacjoe_overflow_boulevard
D:4:      minmay_razor_zed, layout_rooms, minivault_5
D:5:      layout_cave_pods, doesnt_xom_only_xom,
          mainiacjoe_overflow_concentric_impassable, mainiacjoe_overflow_catwalk
D:6:      layout_loops_ring, lemuel_temple_firewalk_b, uniq_blork_the_orc,
          uniq_sigmund, uniq_eustachio
D:7:      layout_loops_corners, serial_shops, shop
Temple:   nicolae_temple_figure_eight

Skill      XL: |  1  2  3  4  5  6  7  8  9 |
---------------+----------------------------+-----
Stealth        | 3 4 |  4.0
Dodging        | 3 4 |  4.0
Spellcasting   | 4 6 7 8 10 11 | 11.0
Conjurations   | 5 6 8 |  8.0
Hexes          | 3 4 |  4.0
Translocations | 2 3 4 |  4.0
Fighting       | 2 3 |  3.0
Invocations    | 4 |  4.0
Armour         | 1 |  1.6

Action                     |  1- 3 |  4- 6 |  7- 9 || total
---------------------------+-------+-------+-------++-------
  Melee: Unarmed           |       |     1 |     4 ||     5
         Punch             |       |       |     1 ||     1
   Cast: Magic Dart        |    70 |    73 |   148 ||   291
         Searing Ray       |       |    11 |    22 ||    33
         Fulminant Prism   |       |     3 |     2 ||     5
         Iskenderun's Myst |       |     2 |    23 ||    25
         Brom's Barrelling |       |       |     1 ||     1
    Use: Scroll            |       |     5 |     7 ||    12
         Potion            |       |       |     1 ||     1
 Armour: Robe              |     3 |    17 |    55 ||    75
  Dodge: Dodged            |     7 |    37 |    62 ||   106

Table legend: (Time is in decaauts)
 A = Elapsed time spent in this place.
 B = Non-inter-level travel time spent in this place.
 C = Inter-level travel time spent in this place.
 D = Time resting spent in this place.
 E = Time spent auto-exploring this place.
 F = Levels seen in this place.
 G = Mean time per level.
                   A        B        C        D        E       F      G
               +--------+--------+--------+--------+--------+-----+--------+
         Total |   7758 |   7433 |    325 |      0 |   6606 |   8 |  969.8 |
       Dungeon |   7706 |   7432 |    274 |      0 |   6606 |   7 | 1100.9 |
        Temple |     52 |      1 |     51 |      0 |      0 |   1 |   52.0 |
               +--------+--------+--------+--------+--------+-----+--------+

Top non-repeatable levels by time:
     D:4: 1631 daAuts
     D:6: 1368 daAuts
     D:5: 1120 daAuts
     D:3: 1102 daAuts
     D:2: 1002 daAuts
     D:7: 812 daAuts
     D:1: 667 daAuts
  Temple: 52 daAuts
